 Dungeon Crawl Stone Soup version 0.22.0-5-gf09313c (webtiles) character file.

12385 goulibeur the Schismatic (level 11, -2/91 HPs)
             Began as a Demonspawn Abyssal Knight on Aug 9, 2018.
             Was an Elder of Lugonu.
             Slain by a brown ugly thing (16 damage)
             ... on level 11 of the Dungeon on Aug 13, 2018.
             The game lasted 00:46:59 (13189 turns).

goulibeur the Schismatic (DsAK)                    Turns: 13189, Time: 00:47:00

Health: -2/91      AC:  0    Str: 13    XL:     11   Next: 61%
Magic:  0/22       EV: 15    Int: 19    God:    Lugonu [****..]
Gold:   580        SH:  3    Dex: 16    Spells: 10/10 levels left

rFire    + . .     SeeInvis .   F - +4 hand axe of Equilibrium {chop, +Rage Int+6 Stlth+}
rCold    + . .     Gourm    .   G - +0 buckler
rNeg     . . .     Faith    .   s - quicksilver dragon scales
rPois    .         Spirit   +   (no helmet)
rElec    .         Reflect  .   U - +0 cloak
rCorr    .         Harm     .   I - +1 pair of gloves of Nifopnouv {rC+ Stlth+}
MR       +....                  (boots unavailable)
Stlth    +++++.....             i - amulet of magic regeneration
HPRegen  0.25/turn              h - ring of protection from fire
MPRegen  0.43/turn              u - +3 ring of slaying

@: corroded
A: talons 3, rugged brown scales 1, nightstalker 2, magic shield
a: Depart the Abyss, Bend Space, Banish, Corrupt, Renounce Religion, Evoke
Berserk Rage


You were on level 11 of the Dungeon.
You worshipped Lugonu.
Lugonu was greatly pleased with you.
You were very hungry.

You visited 1 branch of the dungeon, and saw 11 of its levels.
You visited the Abyss 1 time.

You collected 580 gold pieces.

Inventory:

Hand Weapons
 a - a +2 short sword
 x - a +3 flail of protection
 F - the +4 hand axe of Equilibrium (weapon) {chop, +Rage Int+6 Stlth+}
   (You found it on level 5 of the Dungeon)

   It inflicts extra damage upon your enemies.
   It affects your intelligence (+6).
   It lets you go berserk.
   It makes you more stealthy.
 M - a +2 quarterstaff of draining
Armour
 b - a +1 leather armour
 s - quicksilver dragon scales (worn)
 t - a +0 chain mail
 B - a +0 pair of gloves
 E - a +0 leather armour
 G - a +0 buckler (worn)
 I - the +1 pair of gloves of Nifopnouv (worn) {rC+ Stlth+}
   (You found it on level 5 of the Dungeon)

   It protects you from cold.
   It makes you more stealthy.
 U - a +0 cloak (worn)
Jewellery
 h - a ring of protection from fire (left hand)
 i - an amulet of magic regeneration (around neck)
 j - an uncursed amulet of magic regeneration
 n - an uncursed ring of positive energy
 u - a +3 ring of slaying (right hand)
 A - a +1 ring of evasion
 N - a +3 ring of strength
 O - an uncursed ring of poison resistance {unknown}
 T - a +3 ring of intelligence {unknown}
 V - an uncursed ring of poison resistance {unknown}
Wands
 g - a wand of iceblast (15)
 r - a wand of flame (18)
 K - a wand of acid (8)
 L - a wand of clouds (5)
 R - a wand of random effects (45)
Scrolls
 d - 3 scrolls of fog
 e - 6 scrolls of teleportation
 p - 2 scrolls of fear
 v - a scroll of noise {unknown}
 y - 2 scrolls of amnesia
 z - 3 scrolls of remove curse
 H - 2 scrolls of enchant weapon
 P - a scroll of enchant armour
 Q - 2 scrolls of identify
 W - a scroll of blinking {unknown}
 X - a scroll of holy word {unknown}
Potions
 f - a potion of mutation {unknown}
 k - 2 potions of resistance
 l - 2 potions of berserk rage
 m - 2 potions of flight {unknown}
 o - 5 potions of curing
 q - a potion of invisibility
 w - 3 potions of heal wounds
 C - 4 potions of might
 D - 3 potions of haste {unknown}
 J - 2 potions of magic {unknown}
 S - a potion of brilliance {unknown}
Comestibles
 c - 27 rations


   Skills:
 + Level 9.0 Fighting
 - Level 1.7 Short Blades
 + Level 7.9 Armour
 + Level 7.7 Dodging
 * Level 14.8 Invocations


You had 10 spell levels left.
You didn't know any spells.
Your spell library contained the following spells:

 Spells                   Type           Power        Failure   Level  Hunger
 Fireball                 Conj/Fire      #.........   100%        5    ######.
 Conjure Flame            Conj/Fire      #.......     89%         3    ####...
 Throw Flame              Conj/Fire      #.....       69%         2    ###....
 Sticky Flame             Conj/Fire      #.......     100%        4    #####..
 Spider Form              Tmut/Pois      #.........   89%         3    ####...
 Blade Hands              Tmut           #.........   100%        5    ######.
 Ice Form                 Ice/Tmut       #.......     100%        4    #####..
 Flame Tongue             Conj/Fire      #....        54%         1    ##.....
 Sticks to Snakes         Tmut           #.......     69%         2    ###....
 Inner Flame              Hex/Fire       #.......     89%         3    ####...
 Beastly Appendage        Tmut           #.....       54%         1    ##.....


Dungeon Overview and Level Annotations

Branches:
Dungeon (11/15)            Temple (0/1) D:6            Lair (0/6) D:10
    Orc: D:9-12

Altars:
Ashenzari
Gozag
Hepliaklqana
Qazlal
Sif Muna
Uskayaw
Vehumet
Zin
The Shining One

Annotations:
Abyss:1 Nergalle, Sonja


Innate Abilities, Weirdness & Mutations

You have claws for feet.
You are partially covered in rugged brown scales. (AC +1, +3% HP)
You are significantly more attuned to the shadows.
When hurt, damage is shared between your health and your magic reserves.


Message History

* * * LOW HITPOINT WARNING * * *
You are splashed with acid!
The acid burns!
* * * LOW HITPOINT WARNING * * *
The brown ugly thing claws you.
* * * LOW HITPOINT WARNING * * *
You are splashed with acid!
The acid burns!
* * * LOW HITPOINT WARNING * * *
Press: ? - help, Shift-Dir - straight line, f - brown ugly thing
Aim: a brown ugly thing (severely wounded, chance to defeat MR: 78%)
The brown ugly thing barely resists.
You feel somewhat more hungry.
The brown ugly thing closely misses you.
You don't have enough magic at the moment.
You feel much better. The brown ugly thing claws you!
* * * LOW HITPOINT WARNING * * *
The acid corrodes you!
You are splashed with acid!
The acid burns!
* * * LOW HITPOINT WARNING * * *
You hit the brown ugly thing but do no damage.
The brown ugly thing is severely wounded.
The brown ugly thing claws you!
You die...

###########
#....u......
#....@......
#...........
#...........
#
#...........
#####
#...........
#....
#.......####
#....
#.......#
#####'
#.......#
#.....
#.......#
..§≈.#.....


You could see a brown ugly thing.

Vanquished Creatures
  A hydra (D:11)
  Pikel (D:5)
  A centaur skeleton (D:11)
  2 trolls
  A hippogriff (D:8)
  3 yaks
  4 fire bats (D:11)
  4 hogs (D:9)
  A human (D:9)
  6 vampire mosquitoes
  Edmund (D:4)
  Duvessa (D:5)
  8 ice beasts
  3 sky beasts
  3 black bears
  2 phantoms
  6 ogres
  2 necrophages
  5 centaurs
  11 bullfrogs
  Dowan (D:5)
  3 scorpions
  9 killer bees (D:10)
  12 wights
  2 howler monkeys (D:7)
  4 electric eels (D:9)
  6 crimson imps
  A centaur zombie (D:5)
  A quasit (D:10)
  A bullfrog zombie (D:11)
  3 jellies
  4 orc wizards
  6 hounds
  5 orc priests
  2 iguanas
  2 bullfrog skeletons
  9 worker ants
  A hound zombie (D:6)
  2 hound skeletons
  2 worker ant zombies
  17 adders
  10 gnolls
  2 shadow imps (D:9)
  An ooze (D:3)
  An adder skeleton (D:4)
  3 worms
  4 dart slugs
  2 leopard geckos
  33 orcs
  5 giant cockroaches
  3 goblins
  7 hobgoblins
  3 jackals (D:6)
  8 kobolds
  5 quokkas
  2 ball pythons
  8 bats
  3 frilled lizards
  2 leopard gecko skeletons
  A quokka skeleton (D:8)
  8 rats
  2 fire vortices (D:11)
272 creatures vanquished.

Vanquished Creatures (others)
  A two-headed ogre (D:9)
  A manticore (D:11)
  A vampire (D:11)
  A hell hound (D:11)
  A fire vortex (D:11)
5 creatures vanquished.

Grand Total: 277 creatures vanquished

Notes
Turn   | Place    | Note
-------+----------+-------------------------------------------
     0 | Abyss:1  | goulibeur the Demonspawn Abyssal Knight began the quest for the Orb.
     0 | Abyss:1  | Reached XP level 1. HP: 18/18 MP: 2/2
    30 | Abyss:1  | Noticed a glowing orange brain
    31 | D:1      | Escaped the Abyss
    62 | D:1      | Reached skill level 1 in Dodging
   426 | D:1      | Gained mutation: You have sharp toenails. [demonic ancestry]
   426 | D:1      | Reached XP level 2. HP: 20/24 MP: 4/4
   468 | D:1      | Reached skill level 3 in Invocations
   500 | D:1      | Reached * piety under Lugonu
  1065 | D:2      | Gained mutation: You have razor-sharp toenails. [demonic ancestry]
  1065 | D:2      | Reached XP level 3. HP: 17/29 MP: 5/5
  1658 | D:2      | Reached skill level 4 in Invocations
  1658 | D:2      | Gained mutation: When hurt, damage is shared between your health and your magic reserves. [demonic ancestry]
  1658 | D:2      | Reached XP level 4. HP: 16/35 MP: 5/7
  2150 | D:2      | HP: 1/35 [gnoll/whip (1)]
  2588 | D:3      | Reached ** piety under Lugonu
  2617 | D:3      | Gained mutation: You are slightly more attuned to the shadows. [demonic ancestry]
  2617 | D:3      | Reached XP level 5. HP: 23/42 MP: 6/8
  2823 | D:3      | Found a shattered altar of Ashenzari.
  3191 | D:4      | Reached skill level 5 in Invocations
  3496 | D:4      | Noticed an ogre
  3503 | D:4      | Killed an ogre
  3503 | D:4      | Reached XP level 6. HP: 26/48 MP: 5/10
  3740 | D:4      | Found a radiant altar of Vehumet.
  3744 | D:4      | Reached skill level 6 in Invocations
  4083 | D:4      | Gained mutation: You are significantly more attuned to the shadows. [demonic ancestry]
  4083 | D:4      | Reached XP level 7. HP: 33/55 MP: 6/11
  4458 | D:5      | Entered Level 5 of the Dungeon
  4474 | D:5      | Noticed Edmund
  4523 | D:4      | Killed Edmund
  4523 | D:4      | Reached *** piety under Lugonu
  4523 | D:4      | Reached skill level 7 in Invocations
  4742 | D:5      | Got an ivory hand axe
  4743 | D:5      | Identified the +4 hand axe of Equilibrium {chop, +Rage Int+6 Stlth+} (You found it on level 5 of the Dungeon)
  4846 | D:5      | Reached skill level 5 in Fighting
  4850 | D:5      | Noticed Pikel
  4895 | D:5      | Killed Pikel
  4895 | D:5      | Reached skill level 8 in Invocations
  4895 | D:5      | Gained mutation: You have claws for feet. [demonic ancestry]
  4895 | D:5      | Reached XP level 8. HP: 63/63 MP: 12/14
  4945 | D:5      | Got a pair of scorched gloves
  4956 | D:5      | Identified the +1 pair of gloves of Nifopnouv {rC+ Stlth+} (You found it on level 5 of the Dungeon)
  4972 | D:5      | Reached skill level 9 in Invocations
  5053 | D:5      | Noticed Dowan
  5054 | D:5      | Noticed Duvessa
  5081 | D:5      | Killed Duvessa
  5090 | D:5      | Killed Dowan
  5492 | D:6      | Upgraded the game from 0.22-b1-59-g0aedee7 to 0.22.0
  5495 | D:6      | Upgraded the game from 0.22.0 to 0.22.0-5-gf09313c
  5532 | D:6      | Reached skill level 5 in Armour
  5631 | D:6      | Reached skill level 10 in Invocations
  5631 | D:6      | Reached XP level 9. HP: 69/69 MP: 16/16
  5756 | D:6      | Found a staircase to the Ecumenical Temple.
  5788 | D:6      | Reached skill level 5 in Dodging
  6036 | D:6      | Reached skill level 11 in Invocations
  7045 | D:7      | You fall through a shaft for 3 floors!
  7045 | D:10     | Entered Level 10 of the Dungeon
  7202 | D:9      | Noticed a two-headed ogre
  7204 | D:9      | Banished a two-headed ogre
  7226 | D:9      | Gained mutation: You are partially covered in rugged brown scales. (AC +1, +3% HP) [demonic ancestry]
  7226 | D:9      | Reached XP level 10. HP: 61/81 MP: 14/18
  7442 | D:9      | Reached **** piety under Lugonu
  7483 | D:8      | Reached skill level 12 in Invocations
  7536 | D:7      | Found an opulent altar of Gozag.
  7536 | D:7      | Found a stormy altar of Qazlal.
  7832 | D:7      | Found a deep blue altar of Sif Muna.
  7837 | D:7      | Found a hide-covered altar of Uskayaw.
  7841 | D:7      | Found a glowing golden altar of the Shining One.
  8290 | D:8      | Found a hazy altar of Hepliaklqana.
  8986 | D:9      | Reached ***** piety under Lugonu
  9229 | D:9      | Reached skill level 13 in Invocations
 10370 | D:9      | Found a glowing silver altar of Zin.
 10597 | D:10     | Reached XP level 11. HP: 82/88 MP: 21/21
 11165 | D:10     | Found a staircase to the Lair.
 11212 | D:10     | Noticed a two-headed ogre
 11217 | D:10     | Banished a two-headed ogre
 11235 | D:10     | Reached skill level 14 in Invocations
 12476 | D:11     | Noticed Sonja
 12477 | D:11     | Banished Sonja
 12504 | D:11     | Noticed Nergalle
 12512 | D:11     | Banished Nergalle
 12866 | D:11     | Noticed a five-headed hydra
 12884 | D:11     | Killed a five-headed hydra
 13154 | D:11     | Noticed a brown ugly thing
 13189 | D:11     | Slain by a brown ugly thing

Skill      XL: |  1  2  3  4  5  6  7  8  9 10 11 |
---------------+----------------------------------+-----
Dodging        | 1 2 3 4 5 7 |  7.7
Armour         | 2 3 4 5 6 7 |  7.9
Invocations    | 3 4 5 6 8 10 11 13 14 | 14.8
Fighting       | 4 5 6 7 8 9 |  9.0
Short Blades   | |  1.7

Action                   |  1- 3 |  4- 6 |  7- 9 | 10-12 || total
-------------------------+-------+-------+-------+-------++-------
Melee: Short sword       |   122 |   177 |    54 |       ||   353
       Kick              |    21 |    48 |    75 |   124 ||   268
       Hand axe          |       |       |   193 |   422 ||   615
       Flail             |       |       |     4 |    19 ||    23
Invok: Depart the Abyss  |     1 |       |       |       ||     1
       Banish            |       |       |     2 |     8 ||    10
  Use: Scroll            |     3 |     4 |     2 |     7 ||    16
       Potion            |       |       |       |     1 ||     1
 Stab: Sleeping          |       |     1 |    14 |    13 ||    28
       Distracted        |       |       |     1 |     1 ||     2
  Eat: Chunk             |     2 |     8 |     8 |    17 ||    35
       Ration            |       |       |     1 |     1 ||     2
Armor: Leather armour    |    38 |    12 |       |       ||    50
       Quicksilver drago |       |    38 |   109 |   324 ||   471
Dodge: Dodged            |    77 |   102 |   112 |   364 ||   655
Block: Buckler           |       |       |    28 |    94 ||   122
